woodfighter, neutral female human Healer ------ - |....+ . |....| # ## ..._..| |..>..##%## ..........| ----.- # ---------- # # # # # # ########### # # # # # # ### #### -------|----# # #----------- |..........+#### #.........<| |......fu..| # |.........| |.......uu.. |.........| |......u@..| |......{... ------------ ----------- woodfighter the Embalmer Experience level: 6 Strength: 11 Dexterity: 13 Constitution: 17 Intelligence: 9 Wisdom: 14 Charisma: 16 Health: 0(51) Energy: 43(47) Def: 4 Gold: 5005 Moves: 3674 Dungeon seed: 2pghb5d72Oxa5Nbs Game ID: woodfighter_1509743243 Your Inventory: Coins $ - 5005 gold pieces Weapons a - a +0 scalpel w - a +0 orcish spear (weapon in hand) J - 6 +0 darts (in quiver) Armor e - an uncursed +1 pair of leather gloves (being worn) n - an uncursed +0 leather armor (being worn) q - a blessed +2 dwarvish cloak r - a cursed -3 helm of opposite alignment z - a cursed -1 pair of levitation boots N - an uncursed +0 mummy wrapping Comestibles j - 6 blessed eucalyptus leaves k - 2 blessed sprigs of wolfsbane l - a blessed clove of garlic m - 2 uncursed apples C - an uncursed food ration Scrolls g - an uncursed scroll of create monster G - 2 uncursed scrolls of scare monster K - 2 cursed scrolls of blank paper L - an uncursed scroll of identify Q - an uncursed scroll of teleportation V - an uncursed scroll of enchant armor W - an uncursed scroll of scare monster Potions o - a cursed potion of hallucination x - an uncursed potion of healing P - a potion of holy water Rings t - a cursed -2 ring of adornment H - an uncursed ring of poison resistance Wands f - a wand of sleep (0:5) p - a wand of sleep (0:8) v - a wand of undead turning (0:4) A - a wand of nothing (0:8) Tools b - an uncursed stethoscope i - a +0 pick-axe y - an uncursed skeleton key F - an uncursed blindfold Spells and supernatural/magical abilities: Name Level Category Fail Memory h - healing 1 healing 8% 82% x - extra healing 3 healing 28% 82% S - stone to flesh 3 healing 42% 82% W - pray for help -- divine ? -- Your skills at the end: Miscellaneous Skills wands [Basic] Weapon Skills knife [Basic] spear [Basic] Spellcasting Skills healing spells [Basic] Final Attributes: You were devoutly aligned. You were poison resistant. You were telepathic. You were somewhat stealthy. You were lucky. You are dead. Vanquished creatures: an ettin zombie a yellow light a rock piercer 2 ponies a shrieker a gnome lord a gnomish wizard 2 kobold mummies a straw golem 2 paper golems 3 giant ants 5 floating eyes a dwarf a homunculus 3 iguanas 9 hill orcs 2 rothes a rabid rat a jitterbug 6 giant bats an orc zombie a dwarf zombie a wererat 2 killer bees a hobbit an acid blob 6 geckos 3 hobgoblins a giant rat 3 cave spiders a red mold a garter snake 2 manes a gnome zombie 9 jackals 3 kobolds 8 newts 7 goblins 8 grid bugs 2 lichens a kobold zombie 108 creatures vanquished. Voluntary challenges: You did not cause conflict. You were not invisible. You did not have reflection. You were not displaced. You had been an atheist until turn 3125. You used a wielded weapon 209 times, starting on turn 33. You did not apply a unicorn horn. You did not use plumbed fixtures. You did not drink any magical draughts. You read items or engraved 1 time, starting on turn 1854. You never genocided any monsters. You never polymorphed an object. You never changed form. You used no wishes. You never split a pudding. You never wrote Elbereth's name. You never violated your personal moral code. Dungeon overview: The Dungeons of Doom: levels 1 to 8 Level 1 a long staircase Level 2 a general store, a fountain Level 3 (stash) a fountain stairs to The Gnomish Mines Level 4 a fountain Level 5 Level 6 a potion shop, a fountain Level 7 Level 8 (vault) <- You were here an altar to Hermes, a fountain The Gnomish Mines: Level 4 stairs to The Dungeons of Doom History has recorded: On T:1 you entered the Dungeons of Doom to retrieve the Amulet of Yendor! On T:82 you reached level 2 of The Dungeons of Doom. On T:449 you reached level 3 of The Dungeons of Doom. On T:656 you advanced to experience level 2. On T:959 you reached level 4 of The Dungeons of Doom. On T:1067 you reached level 1 of The Gnomish Mines. On T:1173 you advanced to experience level 3. On T:1523 you reached level 5 of The Dungeons of Doom. On T:1683 you reached level 6 of The Dungeons of Doom. On T:1908 you advanced to experience level 4. On T:2245 you reached level 7 of The Dungeons of Doom. On T:3000 you advanced to experience level 5. On T:3125 you prayed to Hermes. On T:3166 you advanced to experience level 6. On T:3293 you reached level 8 of The Dungeons of Doom. Score breakdown: Gold: 3720 ( 372 points) Experience: 6 levels ( 500 points) Exploration: 8 levels ( 210 points) Discoveries: 18 items ( 900 points) Variety of kills: 41 monsters ( 2000 points) Major goal: (nothing yet) ( 0 points) Survival: died (score multiplied by 3) Total score: 11946 Latest messages: You see here a rabid rat corpse. You displace kitty. You stop exploring. Kitty picks up a rabid rat corpse. You feel better. The pony misses the white unicorn. (2x) You displace your pony. The white unicorn just misses! The white unicorn kicks! The pony misses the white unicorn. The pony bites the white unicorn. The white unicorn butts! The white unicorn kicks! The white unicorn butts! The white unicorn kicks! You jab the white unicorn! The white unicorn is moderately wounded. The white unicorn butts! The white unicorn kicks! The pony misses the white unicorn. The pony bites the white unicorn. The white unicorn butts the pony. The white unicorn misses the pony. The white unicorn butts! You die... Final status: Goodbye woodfighter the Healer, killed by a white unicorn... You died in The Dungeons of Doom on dungeon level 8 with 11946 points, and 5005 pieces of gold, after 3674 moves. You were level 6 with a maximum of 51 hit points when you died.